 Dungeon Crawl Stone Soup version 0.26-a0-639-g72c4674329 (webtiles) character file.

Game seed: 7073107053985121751

391229 Lugonue the Eclecticist (level 23, -4/143 HPs)
             Began as a Tengu Gladiator on Sept 21, 2020.
             Was the Champion of Kikubaaqudgha.
             Slain by a phantasmal warrior (9 damage)
             ... led by a death knight
             ... on level 1 of the Crypt on Sept 22, 2020.
             The game lasted 03:08:25 (61666 turns).

Lugonue the Eclecticist (Tengu Gladiator)          Turns: 61666, Time: 03:08:26

Health: -4/143     AC: 22    Str: 22    XL:     23   Next: 10%
Magic:  41/46      EV: 22    Int: 29    God:    Kikubaaqudgha [******]
Gold:   2142       SH: 15    Dex: 21    Spells: 21/58 levels left

rFire    . . .     SeeInvis +   X - +7 trishula (holy)
rCold    . . .     Faith    .   P - +0 kite shield
rNeg     + + +     Spirit   .   k - +3 scale mail of Sif Muna {Str+5 Int+2}
rPois    .         Reflect  .   l - +2 hat
rElec    .         Harm     .   x - +2 cloak {Stlth+}
rCorr    .         Rampage  .   n - +2 pair of gloves {Str+3}
MR       .....                  (boots unavailable)
Stlth    +++++.....             u - macabre finger necklace {rN+}
HPRegen  0.33/turn              E - ring "Osudirar" {rN+ Dex+2 Stlth+}
MPRegen  0.30/turn              b - ring "Yqila" {rN+ Int+3 Dex+2 SInv Stlth+}
                                U - +6 ring of intelligence

@: vulnerable, flying quickly and evasively, very slightly contaminated, hasted,
very quick
A: beak, talons 3, able to fly
}: 2/15 runes: barnacled, gossamer
a: Stop Flying, Receive Corpses, Torment, Renounce Religion


You were on level 1 of the Crypt.
You worshipped Kikubaaqudgha.
Kikubaaqudgha was exalted by your worship.
You visited 9 branches of the dungeon, and saw 41 of its levels.
You visited the Abyss 2 times.
You visited 2 bazaars.
You also visited: Sewer.

You collected 5936 gold pieces.
You spent 3794 gold pieces at shops.

Inventory:

Hand Weapons
 z - the +10 lance "Wyrmbane" {slay drac, rPois rF+ rC+ AC+3}
   (You took it off a deep elf mage on level 3 of the Elven Halls)

   It affects your AC (+3).
   It protects you from fire.
   It protects you from cold.
   It protects you from poison.
 R - the +6 spear of Punishment {protect, rN+ SInv}
   (You found it on level 2 of the Vaults)

   It grants its wielder temporary protection when it strikes (+7 to AC).
   It protects you from negative energy.
   It lets you see invisible.
 X - a +7 trishula of holy wrath (weapon)
Armour
 k - the +3 scale mail of Sif Muna (worn) {Str+5 Int+2}
   (You bought it in a shop in a bazaar)

   It affects your strength (+5).
   It affects your intelligence (+2).
 l - a +2 hat (worn)
 n - a +2 pair of gloves of strength (worn)
 x - a +2 cloak of stealth (worn)
 P - a +0 kite shield (worn)
 Z - a +0 tower shield
Magical Staves
 q - an uncursed staff of death
Jewellery
 b - the ring "Yqila" (right hand) {rN+ Int+3 Dex+2 SInv Stlth+}
   (You took it off a deep elf high priest on level 3 of the Elven Halls)

   [ring of see invisible]

   It affects your intelligence (+3).
   It affects your dexterity (+2).
   It protects you from negative energy.
   It lets you see invisible.
   It makes you more stealthy.
 h - an uncursed ring of resist corrosion
 u - the macabre finger necklace (around neck) {rN+}
   (You took it off a deep elf sorcerer on level 3 of the Elven Halls)

   [amulet of nothing]

   It protects you from negative energy.
 w - a +6 ring of strength
 y - the ring "Bun Kilei" {rPois EV+4 Str+8 Dex-4 SInv}
   (You acquired it on level 2 of the Spider Nest)

   [ring of evasion]

   It affects your evasion (+4).
   It affects your strength (+8).
   It affects your dexterity (-4).
   It protects you from poison.
   It lets you see invisible.
 E - the ring "Osudirar" (left hand) {rN+ Dex+2 Stlth+}
   (You bought it in a shop on level 3 of the Elven Halls)

   [ring of stealth]

   It affects your dexterity (+2).
   It protects you from negative energy.
   It makes you more stealthy.
 U - a +6 ring of intelligence (on amulet)
Wands
 d - a wand of flame (50)
 f - a wand of random effects (31)
 j - a wand of polymorph (28)
 r - a wand of acid (17)
 v - a wand of paralysis (40)
 F - a wand of digging (25)
 J - a wand of enslavement (10)
Scrolls
 c - 28 scrolls of remove curse
 e - 15 scrolls of teleportation
 i - 5 scrolls of fog
 s - 2 scrolls of brand weapon
 A - 4 scrolls of enchant armour
 C - 14 scrolls of identify
 S - 6 scrolls of magic mapping
 V - a scroll of silence
 Y - 7 scrolls of amnesia
Potions
 g - 5 potions of stabbing
 o - a potion of cancellation
 B - 15 potions of curing
 D - 4 potions of berserk rage
 L - 3 potions of mutation
 O - 15 potions of ambrosia
 Q - 6 potions of magic
 T - 9 potions of brilliance
Miscellaneous
 t - a phial of floods
 H - a phantom mirror
 W - a condenser vane (2/2)


   Skills:
 - Level 14.6 Fighting
 - Level 8.0(12.0) Polearms
 - Level 14.0(14.6) Staves
 - Level 2.0 Throwing
 - Level 15.0 Armour
 - Level 10.5 Dodging
 - Level 10.0 Stealth
 - Level 15.0 Shields
 + Level 18.3 Spellcasting
 - Level 8.5 Conjurations
 + Level 13.0 Necromancy
 - Level 4.4 Air Magic
 - Level 10.0 Evocations


You had 21 spell levels left.
You knew the following spells:

 Your Spells              Type           Power        Failure   Level
a - Pain                  Necr           ####         0%          1
b - Death Channel         Necr           #######...   2%          6
c - Animate Dead          Necr           #######...   1%          4
d - Mephitic Cloud        Conj/Pois/Air  ######..     1%          3
e - Agony                 Necr           #######.     1%          5
f - Borgnjor's Vile Clut  Necr/Erth      ######....   6%          5
g - Blink                 Tloc           N/A          4%          2
h - Tukima's Dance        Hex            ####....     10%         3
i - Infestation           Necr           #######...   69%         8

Your spell library contained the following spells:

 Spells                   Type           Power        Failure   Level
 Animate Skeleton         Necr           ######       0%          1
 Magic Dart               Conj           ####         1%          1
 Shock                    Conj/Air       ####         1%          1
 Poisonous Vapours        Pois/Air       #####.       1%          2
 Searing Ray              Conj           ######       1%          2
 Sublimation of Blood     Necr           #######...   1%          2
 Conjure Flame            Conj/Fire      ######..     1%          3
 Dazzling Flash           Conj/Hex       ######       1%          3
 Vampiric Draining        Necr           #######...   1%          3
 Dispel Undead            Necr           #######.     1%          4
 Apportation              Tloc           ####..       3%          1
 Corona                   Hex            ####...      3%          1
 Summon Small Mammal      Summ           ####         3%          1
 Ensorcelled Hibernation  Hex/Ice        ####..       4%          2
 Fulminant Prism          Conj/Hex       ######....   5%          4
 Iskenderun's Mystic Bla  Conj/Tloc      ######..     5%          4
 Confusing Touch          Hex            ####....     10%         3
 Gell's Gravitas          Tloc           ####......   10%         3
 Ignite Poison            Fire/Tmut/Pois ####....     10%         3
 Lesser Beckoning         Tloc           ####......   10%         3
 Teleport Other           Tloc           ####....     10%         3
 Cause Fear               Hex            ####......   30%         4
 Leda's Liquefaction      Hex/Erth       ####......   30%         4
 Passage of Golubria      Tloc           N/A          30%         4
 Simulacrum               Ice/Necr       ######....   32%         6
 Silence                  Hex/Air        #####.....   34%         5
 Freezing Cloud           Conj/Ice/Air   ######....   63%         6
 Iron Shot                Conj/Erth      ######....   63%         6
 Alistair's Intoxication  Tmut/Pois      ####.....    65%         5
 Summon Demon             Summ           ####......   65%         5
 Summon Forest            Summ/Tloc      ####......   65%         5
 Summon Mana Viper        Hex/Summ       ####....     65%         5
 Yara's Violent Unravell  Hex/Tmut       ####......   65%         5
 Borgnjor's Revivificati  Necr           #######...   69%         8
 Haunt                    Necr/Summ      ######....   88%         7
 Shadow Creatures         Summ           N/A          99%         6
 Statue Form              Tmut/Erth      ####.....    99%         6
 Summon Hydra             Summ           ####......   100%        7
 Discord                  Hex            ####......   100%        8
 Necromutation            Tmut/Necr      ######....   100%        8
 Death's Door             Necr           #######...   100%        9
 Shatter                  Erth           ####......   100%        9


Dungeon Overview and Level Annotations

Branches:
Dungeon (15/15)            Temple (1/1) D:5            Lair (6/6) D:9
 Shoals (4/4) Lair:3       Spider (4/4) Lair:4        Slime (0/5) Lair:6
    Orc (2/2) D:11            Elf (3/3) Orc:2        Vaults (5/5) D:14
  Crypt (1/3) Vaults:2     Depths (0/5) D:15          Sewer (visited)

Altars:
Ashenzari
Cheibriados
Dithmenos
Elyvilon
Fedhas
Gozag
Hepliaklqana
Kikubaaqudgha
Makhleb
Nemelex Xobeh
Okawaru
Qazlal
Ru
Sif Muna
Trog
Uskayaw
Vehumet
Wu Jian
Xom
Yredelemnul
Zin
The Shining One
Jiyva

Shops:
D:4 }   D:7 [   D:8 *   D:9 :   D:13 [   D:15 [   Orc:2 }[!!   Elf:3 =}}
Shoals:2 :   Vaults:2 [

Portals:
Abyss: Elf:1

Annotations:
Lair:3 exclusion: oklob plant
Lair:5 Rupert
Elf:1 2 transporters
Vaults:2 1 runed translucent door, Unumoig's ghost, adept DrWn


Innate Abilities, Weirdness & Mutations

You have a beak for a mouth.
You have claws for feet.
You can fly continuously.


Message History

* * * LOW HITPOINT WARNING * * *
The freezing wraith closely misses you. The phantasmal warrior hits you!!
* * * LOW HITPOINT WARNING * * *
Okay, then.
Okay, then.
Unknown command.
Okay, then.
Unknown command.
Unknown command.
Casting: Borgnjor's Vile Clutch (dangerous; 6% risk of failure)
Confirm with . or Enter, or press ? or * to list all spells.
You miscast Blink.
You are very lightly contaminated with residual magic.
Nothing appears to happen.
You feel yourself speed up. The freezing wraith barely misses you.
You block the freezing wraith's attack. The death knight barely misses you.
The freezing wraith misses you. You block the freezing wraith's attack.
The phantasmal warrior hits you!
You die...
Kikubaaqudgha rasps: "You have failed me!
Welcome... death!"

>.'...............'...
..W...............#'''
..'................... .
.##...)..........W.....(
##....................
##...................
##......).....§.....
###'')#######......
#.......W@'......
#......pWW'......
#§........'......
#...#######...... #...#
...... #...# ......
###.# ..... #.. .....


You could see a death knight, a phantasmal warrior and 2 freezing wraiths.

Vanquished Creatures
  Mennas (Vaults:3)
  Boris (Vaults:3)
  Saint Roka (Elf:3)
  Margery (Vaults:3)
  Nikola (Shoals:1)
  Arachne (Spider:1)
  Jorgrun (D:15)
  4 deep elf blademasters
  4 deep elf master archers (Elf:3)
  A storm dragon (Vaults:3)
  An ancient champion (Crypt:1)
  Kirke (Spider:4)
  6 large abominations
  A revenant (Crypt:1)
  A draconian monk (Abyss:2)
  Ilsuiw (Shoals:3)
  4 deep elf sorcerers
  3 fire giants
  Aizul (Elf:1)
  3 ghost moths (Spider:4)
  13 vault wardens
  3 emperor scorpions
  3 deep elf elementalists
  9 ironheart preservers
  9 stone giants
  4 deep elf demonologists
  5 entropy weavers
  2 vampire knights
  9 deep elf annihilators (Elf:3)
  An eidolon (Crypt:1)
  5 merfolk javelineers
  4 fire dragons
  3 jiangshi
  10 yaktaur captains
  6 deep elf death magi
  2 merfolk impalers
  Josephine (Lair:4)
  3 great orbs of eyes
  7 vault guards
  A rakshasa (Vaults:3)
  6 hydras
  6 deep elf high priests
  A catoblepas (D:14)
  6 merfolk avatars
  6 centaur warriors
  4 death knights
  A merfolk aquamancer (Shoals:2)
  11 two-headed ogres
  3 deep troll shamans
  32 dancing weapons
  2 alligator snapping turtles
  5 ogre magi
  A satyr (Shoals:4)
  3 vampire magi
  2 deep troll earth magi (Vaults:2)
  3 hell hogs (Abyss:2)
  Urug (D:11)
  2 thrashing horrors (Abyss:2)
  4 orc high priests
  A titan zombie (D:15)
  A shadow wraith (Vaults:2)
  3 hell knights (Vaults:3)
  33 deep elf knights
  6 sea snakes
  A wretched star (Abyss:2)
  10 deep trolls
  11 skeletal warriors
  A flayed ghost (Vaults:2)
  4 unseen horrors
  4 glowing orange brains
  A golden dragon zombie (D:15)
  19 deep elf archers
  2 phantasmal warriors
  12 orc knights
  3 wizards
  5 necromancers
  81 deep elf magi
  32 harpies
  20 orb spiders
  24 ironbrand convokers
  8 orc sorcerers
  29 wolf spiders
  A tengu skeleton (Vaults:4)
  52 ugly things
  A cyclops (shapeshifter) (Elf:3)
  4 fauns
  An orb spider (shapeshifter) (Vaults:2)
  2 oklob plants (Lair:6)
  7 cyclopes
  13 manticores
  2 worldbinders (Abyss:2)
  4 moths of wrath
  Maurice (Orc:2)
  A fire giant skeleton (Vaults:4)
  A black mamba (shapeshifter) (Vaults:4)
  The ghost of maggie the Magician, a novice DEFE (D:5)
  2 smoke demons (Abyss:2)
  9 elephants (Lair:6)
  11 merfolk sirens
  9 water nymphs
  12 vault sentinels
  3 black mambas
  An orange demon (Abyss:2)
  The ghost of Tenar the Chopper, a novice DsFi of Gozag (D:6)
  A guardian serpent (shapeshifter) (Vaults:4)
  8 cane toads
  2 torpor snails
  2 gargoyles
  47 yaktaurs
  A rime drake (shapeshifter) (Vaults:4)
  A komodo dragon (shapeshifter) (Vaults:4)
  12 demonic crawlers
  11 komodo dragons
  5 rime drakes
  An efreet (Abyss:2)
  9 freezing wraiths
  2 starcursed masses (Abyss:2)
  A guardian mummy (Crypt:1)
  3 small abominations
  3 ancient zymes (Abyss:2)
  A queen bee (Lair:3)
  27 jumping spiders
  A meliai (shapeshifter) (D:13)
  15 trolls
  19 merfolk
  A polar bear (Lair:6)
  A hornet (shapeshifter) (Vaults:4)
  7 raiju (Abyss:2)
  A blink frog (shapeshifter) (D:14)
  Grinder (Sewer)
  A fire dragon zombie (D:15)
  9 blink frogs (Lair:3)
  A wind drake (Shoals:3)
  14 hornets
  11 hippogriffs
  20 slime creatures
  13 dream sheep
  An ettin zombie (Vaults:4)
  6 snapping turtles
  3 spriggans (Lair:2)
  19 wraiths
  3 shadows
  A spriggan zombie (D:15)
  12 water elementals
  27 tarantellas
  A fire elemental (Elf:1)
  3 ynoxinuls (Abyss:2)
  4 air elementals
  54 redbacks
  A yak (shapeshifter) (Vaults:2)
  26 yaks
  4 wyverns
  A hog (shapeshifter) (Vaults:1)
  4 basilisks
  A basilisk (shapeshifter) (Vaults:1)
  A hog (Spider:4)
  A steam dragon (D:14)
  A chaos spawn (Abyss:2)
  5 wargs
  A yaktaur simulacrum (Vaults:3)
  A neqoxec (Abyss:2)
  A monstrous demonspawn zombie (Crypt:1)
  4 floating eyes (Elf:3)
  4 acid dragons
  7 water moccasins
  Duvessa (D:5)
  5 porcupines
  7 ice beasts
  5 black bears
  3 sky beasts
  A hornet zombie (Crypt:1)
  39 orc warriors
  3 necrophages
  An ettin simulacrum (Vaults:1)
  An eye of draining (D:13)
  10 wolves
  9 boggarts (Vaults:2)
  22 ogres
  3 phantoms
  A boggart (shapeshifter) (Vaults:3)
  12 centaurs
  10 crocodiles
  A torpor snail zombie (Crypt:1)
  7 big kobolds
  Blork the orc (D:5)
  17 bullfrogs
  4 earth elementals
  A glowing shapeshifter simulacrum (Vaults:1)
  Dowan (D:5)
  A water moccasin zombie (D:10)
  7 scorpions
  29 killer bees
  9 wights
  8 electric eels
  2 howler monkeys
  3 centaur zombies
  2 bullfrog zombies
  3 quasits
  A human simulacrum (Vaults:3)
  2 human zombies (Crypt:1)
  4 jellies
  3 bullfrog skeletons
  25 orc priests
  12 hounds
  An iron imp (Abyss:2)
  6 centaur skeletons
  4 human skeletons (Crypt:1)
  2 iguanas
  36 orc wizards
  11 worker ants
  A killer bee zombie (D:6)
  5 big kobold zombies (Sewer)
  A naga zombie (Crypt:1)
  A hound skeleton (D:7)
  4 mummies
  2 worker ant zombies
  6 gnolls
  13 adders
  4 shadow imps
  2 white imps
  5 ufetubi
  An ooze (D:7)
  2 adder zombies
  5 worms
  A barachi zombie (Crypt:1)
  2 dart slugs (D:2)
  7 leopard geckos
  86 orcs
  7 ball pythons
  5 giant cockroaches
  7 goblins
  11 hobgoblins
  11 jackals
  5 quokkas
  9 bats
  7 frilled lizards
  38 kobolds
  A leopard gecko skeleton (D:6)
  7 rats
  A butterfly (Lair:5)
  A crawling corpse (Elf:3)
  A lurking horror (Abyss:2)
  A starspawn tentacle (Abyss:2)
1732 creatures vanquished.

Vanquished Creatures (collateral kills)
  A kraken (Shoals:1)
  A merfolk javelineer (Shoals:3)
  A harpy (Shoals:1)
  A wolf spider (Spider:4)
  A moth of wrath (Spider:4)
  2 jumping spiders (Spider:2)
  A hornet (Spider:4)
  A tarantella (Spider:1)
  2 redbacks (Spider:4)
11 creatures vanquished.

Vanquished Creatures (others)
  A spark wasp (Spider:4)
  An orb spider (Spider:4)
  A deep elf mage (Elf:1)
  A manticore (Shoals:2)
  A jumping spider (Spider:3)
  2 redbacks (Spider:2)
  A tarantella (Spider:4)
  2 humans (Spider:4)
  A bush (Lair:6)
  25 fungi
  68 plants
  4 starspawn tentacles (Abyss:2)
  11 tentacles (Shoals:1)
  2 withered plants (D:15)
121 creatures vanquished.

Grand Total: 1864 creatures vanquished

Notes
Turn   | Place    | Note
-------+----------+-------------------------------------------
     0 | D:1      | Lugonue the Tengu Gladiator began the quest for the Orb.
     0 | D:1      | Reached XP level 1. HP: 12/12 MP: 2/2
   441 | D:1      | Reached XP level 2. HP: 18/18 MP: 3/3
   878 | D:1      | Reached XP level 3. HP: 22/22 MP: 4/4
  1473 | D:2      | HP: 1/23 [kobold/stone (2)]
  1744 | D:2      | Reached XP level 4. HP: 24/28 MP: 5/5
  2092 | D:2      | Found a shadowy altar of Dithmenos.
  2270 | D:2      | Reached skill level 5 in Staves
  2484 | D:3      | Found a glowing drain.
  2498 | Sewer    | Entered a sewer
  2499 | Sewer    | Gained mutation: You can fly continuously. [Tengu growth]
  2499 | Sewer    | Reached XP level 5. HP: 32/32 MP: 6/6
  2616 | Sewer    | Reached skill level 1 in Stealth
  2726 | Sewer    | Found a burning altar of Makhleb.
  2726 | Sewer    | Noticed a big kobold
  2746 | Sewer    | Noticed a big kobold
  2749 | Sewer    | Killed a big kobold
  2749 | Sewer    | Reached XP level 6. HP: 38/38 MP: 7/7
  2918 | Sewer    | Noticed Grinder
  2946 | Sewer    | Killed Grinder
  2946 | Sewer    | Reached skill level 5 in Fighting
  2946 | Sewer    | Reached XP level 7. HP: 25/44 MP: 8/8
  3242 | D:3      | Found a radiant altar of Vehumet.
  3245 | D:3      | Found an ornate altar of the Wu Jian Council.
  3248 | D:3      | Found an ancient bone altar of Kikubaaqudgha.
  3374 | D:3      | Found a white marble altar of Elyvilon.
  4298 | D:4      | Reached XP level 8. HP: 50/50 MP: 9/9
  4468 | D:4      | Found Simucwuc's Gadget Emporium.
  4476 | D:4      | Bought a wand of paralysis (10) for 168 gold pieces
  4675 | D:5      | Entered Level 5 of the Dungeon
  4837 | D:5      | Noticed Blork the orc
  4848 | D:5      | Killed Blork the orc
  4909 | D:5      | Noticed Dowan
  4918 | D:5      | Noticed Duvessa
  4937 | D:5      | Killed Duvessa
  4942 | D:5      | Killed Dowan
  4943 | D:5      | Found a staircase to the Ecumenical Temple.
  4955 | Temple   | Entered the Ecumenical Temple
  5384 | D:5      | Found a runed translucent gate.
  5384 | D:5      | Found a runed translucent gate.
  5426 | D:5      | Found a runed translucent gate.
  5431 | D:5      | Found a glowing silver altar of Zin.
  5600 | D:5      | Noticed maggie's ghost (novice DEFE)
  5957 | D:5      | Killed maggie's ghost
  5957 | D:5      | Reached skill level 10 in Staves
  5957 | D:5      | Reached XP level 9. HP: 49/57 MP: 10/10
  6021 | D:6      | Found a snail-covered altar of Cheibriados.
  6263 | D:6      | Noticed a troll
  6272 | D:6      | Killed a troll
  6419 | D:6      | Found an opulent altar of Gozag.
  6935 | D:6      | Found a hazy altar of Hepliaklqana.
  6967 | D:6      | Found a transporter.
  6967 | D:6      | Noticed Tenar's ghost (novice DsFi)
  6991 | D:6      | Found a transporter.
  7046 | D:6      | Killed Tenar's ghost
  7511 | D:7      | Reached XP level 10. HP: 64/64 MP: 11/11
  7551 | D:7      | Found a sparkling altar of Nemelex Xobeh.
  7629 | D:7      | Found Yphoxzif's Armour Shoppe.
  7696 | D:7      | Found a shattered altar of Ashenzari.
  7764 | D:7      | Identified a scroll of acquirement
  7764 | D:7      | Acquired a +3 vampiric lajatang
  8250 | D:8      | Found Hozaisuh's General Store.
  8266 | D:8      | Bought a scroll of teleportation for 42 gold pieces
  8266 | D:8      | Bought a potion of curing for 42 gold pieces
  8266 | D:8      | Bought 2 scrolls of identify for 56 gold pieces
  8409 | D:8      | Noticed a two-headed ogre
  8423 | D:8      | Killed a two-headed ogre
  8523 | D:8      | Found a glowing golden altar of the Shining One.
  8659 | D:8      | Found a glowing silver altar of Zin.
  8707 | D:8      | Found a shimmering altar of Xom.
  8707 | D:8      | Found a shimmering altar of Xom.
  8708 | D:8      | Found a shimmering altar of Xom.
  8876 | D:9      | Reached skill level 10 in Fighting
  9444 | D:9      | Found a shimmering altar of Xom.
  9459 | D:9      | Reached XP level 11. HP: 34/72 MP: 12/12
  9488 | D:9      | Reached skill level 5 in Stealth
  9655 | D:9      | Found a staircase to the Lair.
 10097 | D:9      | Found Roocwu's Book Emporium.
 10157 | Lair:1   | Entered Level 1 of the Lair of Beasts
 10263 | D:10     | Entered Level 10 of the Dungeon
 10521 | D:10     | Killed an unseen horror
 10627 | D:10     | Found a hazy altar of Hepliaklqana.
 10942 | D:11     | Noticed a brown ugly thing
 10942 | D:11     | Noticed Urug
 10950 | D:11     | Killed a brown ugly thing
 10963 | D:11     | Killed Urug
 10963 | D:11     | Reached skill level 5 in Armour
 11299 | D:11     | Found a staircase to the Orcish Mines.
 11324 | D:11     | Identified the +9 dagger of Elapnur {venom, Int+2}
 11697 | D:11     | Reached XP level 12. HP: 68/78 MP: 13/13
 11993 | D:3      | Became a worshipper of Kikubaaqudgha
 12224 | D:12     | Noticed a two-headed ogre
 12233 | D:12     | Killed a two-headed ogre
 12620 | D:12     | Noticed a death knight
 12623 | D:12     | Reached skill level 10 in Armour
 13078 | D:12     | Reached * piety under Kikubaaqudgha
 13078 | D:12     | Identified Kikubaaqudgha's Almanac of Evil (Kikubaaqudgha
                  | gifted it to you on level 12 of the Dungeon)
 13078 | D:12     | Received a gift from Kikubaaqudgha
 15615 | Lair:3   | Reached ** piety under Kikubaaqudgha
 15658 | Lair:3   | Reached XP level 13. HP: 72/82 MP: 14/14
 16223 | Lair:3   | Found a staircase to the Shoals.
 16297 | Lair:3   | Learned a level 3 spell: Mephitic Cloud
 16541 | Lair:4   | Noticed Josephine
 16553 | Lair:4   | Killed Josephine
 16564 | Lair:4   | Reached *** piety under Kikubaaqudgha
 16564 | Lair:4   | Identified Kikubaaqudgha's Disquisition on Black Magic
                  | (Kikubaaqudgha gifted it to you on level 4 of the Lair of
                  | Beasts)
 16564 | Lair:4   | Received a gift from Kikubaaqudgha
 16705 | Lair:4   | Found a hole to the Spider Nest.
 17209 | Lair:5   | Noticed Rupert
 17345 | Lair:5   | Reached skill level 15 in Armour
 17412 | Lair:5   | Learned a level 6 spell: Death Channel
 17562 | Lair:5   | Reached skill level 1 in Necromancy
 17953 | Lair:6   | Entered Level 6 of the Lair of Beasts
 17966 | Lair:6   | Reached skill level 1 in Spellcasting
 17971 | Lair:6   | Reached skill level 1 in Conjurations
 18378 | Lair:6   | Reached skill level 2 in Spellcasting
 18473 | Lair:6   | Reached skill level 3 in Spellcasting
 18497 | Lair:6   | Reached skill level 1 in Evocations
 18500 | Lair:6   | HP: 2/83 [komodo dragon (5)]
 19027 | Lair:6   | Reached **** piety under Kikubaaqudgha
 19091 | Lair:6   | Reached skill level 5 in Evocations
 19104 | Lair:6   | Reached XP level 14. HP: 61/88 MP: 19/19
 20020 | Lair:6   | Found a viscous altar of Jiyva.
 20020 | Lair:6   | Found a staircase to the Slime Pits.
 20644 | Orc:1    | Entered Level 1 of the Orcish Mines
 20882 | Orc:2    | Entered Level 2 of the Orcish Mines
 20894 | Orc:2    | Found a flickering gateway to a bazaar.
 20903 | Bazaar   | Entered a bazaar
 20903 | Bazaar   | Found Nathro's Distillery.
 20950 | Bazaar   | Found Faiss's Antique Weapon Shop.
 20977 | Bazaar   | Found Xaofo's Antique Armour Shop.
 20987 | Bazaar   | Bought a translucent scale mail for 225 gold pieces
 20987 | Bazaar   | Bought a slimy plate armour for 700 gold pieces
 21031 | Bazaar   | Identified the cursed +1 plate armour of Limitation {*Drain
                  | rElec rCorr Int+7} (You bought it in a shop in a bazaar)
 21031 | Bazaar   | Identified the +3 scale mail of Sif Muna {Str+5 Int+2} (You
                  | bought it in a shop in a bazaar)
 21090 | Orc:2    | Found a staircase to the Elven Halls.
 21169 | Orc:2    | Reached skill level 10 in Evocations
 21179 | Orc:2    | Reached ***** piety under Kikubaaqudgha
 21296 | Orc:2    | Found Litux's Gadget Shop.
 21296 | Orc:2    | Found Lillaip's Distillery.
 21296 | Orc:2    | Found Naxaes's Armour Shop.
 21300 | Orc:2    | Found Echiogh's Distillery.
 21329 | Orc:2    | Bought a potion of heal wounds for 80 gold pieces
 21329 | Orc:2    | Bought a potion of heal wounds for 80 gold pieces
 21332 | Orc:2    | Bought a potion of heal wounds for 85 gold pieces
 21556 | Orc:2    | Noticed Maurice
 21566 | Orc:2    | Killed Maurice
 22604 | D:13     | Found Zeddow's Antique Armour Shoppe.
 22623 | D:13     | Reached skill level 5 in Dodging
 22820 | D:13     | Found a sacrificial altar of Ru.
 23713 | D:14     | Reached XP level 15. HP: 93/93 MP: 21/21
 24212 | D:14     | Reached ****** piety under Kikubaaqudgha
 24219 | D:14     | Received a gift from Kikubaaqudgha
 24229 | D:14     | Learned a level 4 spell: Animate Dead
 24231 | D:14     | Learned a level 1 spell: Pain
 24302 | D:14     | Reached skill level 10 in Dodging
 24685 | D:14     | Found a gate to the Vaults.
 24812 | D:14     | Learned a level 5 spell: Agony
 24815 | D:15     | Entered Level 15 of the Dungeon
 24825 | D:15     | Reached skill level 5 in Conjurations
 24885 | D:15     | Found a staircase to the Depths.
 25289 | D:15     | Noticed Jorgrun
 25303 | D:15     | Killed Jorgrun
 25303 | D:15     | Reached skill level 4 in Spellcasting
 25303 | D:15     | Reached skill level 5 in Necromancy
 25576 | D:15     | Found Biovelit's Armour Boutique.
 25656 | D:15     | Bought a +0 pair of gloves of dexterity for 161 gold pieces
 25656 | D:15     | Bought the +2 ring mail "Furaesir" {rPois SInv} for 411
                  | gold pieces
 25687 | D:15     | Reached skill level 5 in Spellcasting
 26571 | Spider:1 | Entered Level 1 of the Spider Nest
 26742 | Spider:1 | Reached skill level 6 in Spellcasting
 27424 | Spider:2 | Noticed Arachne
 27435 | Spider:1 | Killed Arachne
 27435 | Spider:1 | Reached skill level 7 in Spellcasting
 27435 | Spider:1 | Reached XP level 16. HP: 99/99 MP: 14/27
 28312 | Spider:2 | Acquired the ring "Bun Kilei" {rPois EV+4 Str+8 Dex-4 SInv}
 28556 | Spider:3 | Reached skill level 8 in Spellcasting
 29313 | Spider:3 | Reached skill level 9 in Spellcasting
 29727 | Spider:4 | Entered Level 4 of the Spider Nest
 29967 | Spider:4 | Learned a level 5 spell: Borgnjor's Vile Clutch
 30272 | Spider:4 | Reached skill level 10 in Spellcasting
 30948 | Spider:4 | Noticed Kirke
 30951 | Spider:4 | Noticed a sphinx
 30962 | Spider:4 | Killed Kirke
 31076 | Spider:4 | Reached XP level 17. HP: 103/105 MP: 1/32
 31863 | Spider:4 | Got a gossamer rune of Zot
 31936 | Spider:4 | Acquired 1170 gold pieces
 32055 | Shoals:1 | Entered Level 1 of the Shoals
 32174 | D:9      | Learned a level 2 spell: Blink
 32257 | Shoals:1 | Reached skill level 11 in Spellcasting
 32357 | Shoals:1 | Noticed Nikola
 32373 | Shoals:1 | Killed Nikola
 32963 | Shoals:1 | Got a wavering jade ring
 33319 | Shoals:1 | Noticed a kraken
 33569 | Shoals:1 | Killed a kraken
 34202 | Shoals:2 | Found Galuuf's Gadget Shoppe.
 34218 | Shoals:2 | Bought a condenser vane (2/2) for 380 gold pieces
 34218 | Shoals:2 | Bought a wand of paralysis (8) for 190 gold pieces
 34394 | Shoals:2 | Got an ancient ring mail
 34521 | Shoals:2 | Identified the ring of Herudiz {*Tele Int+3} (You found it
                  | on level 1 of the Shoals)
 34523 | Shoals:2 | Identified the cursed +0 ring mail of Heresy {rF- rC+
                  | Dex+3} (You found it on level 2 of the Shoals)
 34756 | Shoals:2 | Identified the +5 falchion of Giorr {pain, rN+ Int+2}
 34985 | Shoals:2 | Found Huahaj Bock's Book Shop.
 35680 | Shoals:3 | Reached skill level 12 in Spellcasting
 36555 | Shoals:3 | Noticed Ilsuiw
 36571 | Shoals:3 | Killed Ilsuiw
 37444 | Shoals:4 | Entered Level 4 of the Shoals
 37567 | Shoals:4 | Reached XP level 18. HP: 116/116 MP: 35/35
 37834 | Shoals:4 | Got a barnacled rune of Zot
 38261 | Shoals:4 | Reached skill level 13 in Spellcasting
 38528 | Vaults:1 | Entered Level 1 of the Vaults
 38975 | Vaults:1 | Reached skill level 14 in Spellcasting
 39698 | Vaults:1 | Reached skill level 15 in Spellcasting
 39805 | Vaults:1 | Reached XP level 19. HP: 86/122 MP: 37/39
 40679 | Elf:1    | Entered Level 1 of the Elven Halls
 40750 | Elf:1    | Found a flickering gateway to a bazaar.
 40770 | Bazaar   | Entered a bazaar
 40770 | Bazaar   | Found Run Sawilu's Magic Scroll Shoppe.
 40770 | Bazaar   | Found Ahump's Armour Boutique.
 40770 | Bazaar   | Found Hauquaz's Armour Shoppe.
 40770 | Bazaar   | Found Binwalo's Gadget Shop.
 40772 | Bazaar   | Found Taplasm's General Store.
 40772 | Bazaar   | Found Jimad's Jewellery Shop.
 40814 | Bazaar   | Bought a scroll of blinking for 82 gold pieces
 40821 | Bazaar   | Bought a scroll of enchant armour for 75 gold pieces
 40821 | Bazaar   | Bought a scroll of blinking for 75 gold pieces
 40826 | Bazaar   | Bought a +0 pair of gloves of strength for 103 gold pieces
 40870 | Bazaar   | Bought a scroll of teleportation for 30 gold pieces
 40870 | Bazaar   | Bought a scroll of magic mapping for 35 gold pieces
 40870 | Bazaar   | Bought a scroll of remove curse for 30 gold pieces
 40870 | Bazaar   | Bought a scroll of enchant weapon for 75 gold pieces
 40870 | Bazaar   | Bought a scroll of magic mapping for 35 gold pieces
 40870 | Bazaar   | Bought a scroll of identify for 20 gold pieces
 40870 | Bazaar   | Bought a scroll of identify for 20 gold pieces
 40870 | Bazaar   | Bought a scroll of enchant weapon for 75 gold pieces
 40870 | Bazaar   | Bought a scroll of identify for 20 gold pieces
 41078 | Elf:1    | Found a transporter.
 41079 | Elf:1    | Noticed a hellephant
 41096 | Elf:1    | Noticed a profane servitor
 41111 | Elf:1    | Found a transporter.
 41123 | Elf:1    | Identified the +9 rapier of Amortisation {distort, *Slow
                  | Str+3 Int+4 Dex+2}
 41124 | Elf:1    | Found a one-way gate to the infinite horrors of the Abyss.
 41311 | Elf:1    | Noticed Aizul
 41336 | Elf:1    | HP: 6/122 [poisoned by Aizul (poison arrow)]
 41376 | Elf:1    | Killed Aizul
 41376 | Elf:1    | Reached skill level 16 in Spellcasting
 42293 | Elf:1    | Cast into level 3 of the Abyss (a deep elf sorcerer)
 42353 | Elf:1    | Escaped the Abyss
 42974 | Elf:2    | Reached skill level 10 in Necromancy
 43477 | Elf:2    | Reached skill level 1 in Air Magic
 43844 | Elf:2    | Found a runed translucent gate.
 43844 | Elf:2    | Found a runed translucent gate.
 43845 | Elf:2    | Found a runed translucent gate.
 44058 | Elf:3    | Entered Level 3 of the Elven Halls
 44114 | Elf:3    | Found Ceydwur's Gadget Boutique.
 44116 | Elf:3    | Found Batisuub's Jewellery Emporium.
 44117 | Elf:3    | Found Ucau's Gadget Boutique.
 44124 | Elf:3    | Bought the ring "Osudirar" {rN+ Dex+2 Stlth+} for 427 gold
                  | pieces
 44164 | Elf:3    | Reached XP level 20. HP: 119/128 MP: 41/41
 44236 | Elf:3    | Reached skill level 17 in Spellcasting
 44443 | Elf:3    | Noticed Saint Roka
 44736 | Elf:3    | Learned a level 3 spell: Tukima's Dance
 45358 | Elf:3    | Killed Saint Roka
 45364 | Elf:3    | Paralysed by a floating eye for 3 turns
 45632 | Elf:3    | Got an ichor-stained scale mail
 45633 | Elf:3    | Identified the +6 scale mail "Roduuvew" {MR- Dex+7} (You
                  | found it on level 3 of the Elven Halls)
 45681 | Elf:3    | Reached skill level 10 in Stealth
 46579 | Elf:3    | Identified the ring "Dinumeme" {*Slow +Blink rPois rN++
                  | Stlth-}
 46812 | Elf:3    | Identified the +2 quarterstaff "Radoj" {speed, rF+ rN+}
 46831 | Elf:3    | Identified the +6 hand axe of Destiny {vorpal, Fragile
                  | Dex+4}
 46945 | Elf:3    | Cast into level 2 of the Abyss (a deep elf sorcerer)
 47110 | Abyss:2  | Reached skill level 1 in Polearms
 47866 | Abyss:2  | Reached skill level 5 in Polearms
 48038 | Elf:3    | Escaped the Abyss
 48654 | Orc:2    | Bought a +0 kite shield for 72 gold pieces
 49018 | Elf:3    | Identified the ring "Yqila" {rN+ Int+3 Dex+2 SInv Stlth+}
 49026 | Elf:3    | Identified the +4 ring mail of Ethics {rF- rC++}
 49360 | Elf:3    | Reached XP level 21. HP: 114/132 MP: 28/43
 49480 | Elf:3    | Reached skill level 1 in Shields
 50316 | Elf:2    | Reached skill level 5 in Shields
 53106 | Vaults:2 | Reached skill level 10 in Shields
 53323 | Vaults:2 | Found a runed translucent door.
 53325 | Vaults:2 | Noticed Unumoig's ghost (adept DrWn)
 53919 | Vaults:2 | Found Dathram's Armour Boutique.
 54514 | Vaults:2 | Found a staircase to the Crypt.
 54516 | Vaults:2 | Paralysed by a vampire knight for 3 turns
 54873 | Vaults:2 | Got a bloodstained spear
 54874 | Vaults:2 | Identified the +6 spear of Punishment {protect, rN+ SInv}
                  | (You found it on level 2 of the Vaults)
 55276 | Vaults:3 | Reached XP level 22. HP: 125/138 MP: 34/44
 55407 | Vaults:3 | Noticed Margery
 55485 | Vaults:3 | Killed Margery
 55568 | Vaults:3 | Noticed Mennas
 58050 | Vaults:5 | Entered Level 5 of the Vaults
 58227 | Vaults:3 | Identified Sif Muna's Papyrus of the Rocks and the Birds
 58321 | Vaults:3 | Reached skill level 15 in Shields
 58328 | Vaults:3 | Noticed Boris
 58354 | Vaults:3 | Killed Boris
 58617 | Vaults:3 | Killed Mennas
 59321 | Vaults:3 | Identified Ycriery's Tome of Ghastly Transmutation
 59393 | Vaults:3 | Reached skill level 18 in Spellcasting
 60589 | Vaults:2 | Learned a level 8 spell: Infestation
 60647 | Crypt:1  | Entered Level 1 of the Crypt
 61160 | Crypt:1  | Reached XP level 23. HP: 137/143 MP: 33/46
 61665 | Crypt:1  | HP: 5/143 [phantasmal warrior[a death knight] (18)]
 61666 | Crypt:1  | Slain by a phantasmal warrior

Illustrated notes

Levels and vault maps discovered:
D:1:      ncdulo_wetmaze, layout_basic
D:2:      layout_loops_cross, nicolae_dithmenos_shadow_blocks
D:3:      layout_rooms, elyvilon_altar_5, grunt_temple_overflow_diamond,
          cheibrodos_sewer_entry_sluice
D:4:      layout_basic, serial_shops, shop, roderic_roman_lattice,
          chequers_avenue
D:5:      layout_basic, minmay_temple_entry_mist, basic_altar,
          ebering_ghost_rock_garden, chequers_serial_rivers_micro_b,
          small_statue_intersection, uniq_blork_the_orc, uniq_duvessa
D:6:      layout_layer_cave, lemuel_crystal_altar, grunt_gozag_breadcrumbs,
          slow_altar_1, gammafunk_ghost_mausoleum, minivault_24,
          small_statue_intersection, minmay_diced_spiral
D:7:      layout_basic, overflow_temple_1_default, cheibrodos_ashenzari_chains,
          serial_shops, shop
D:8:      layout_cave_pools, old_standard_altar, tso_oasis_becter, serial_shops,
          shop, xom_redecorated
D:9:      layout_long_grid, erik_lair_island, serial_shops,
          nicolae_shop_temple_entry_statues_fountains, basic_altar
D:10:     layout_small_grid, basic_altar
D:11:     layout_long_grid, erik_orc_4, minivault_4, minmay_joined_circles,
          uniq_urug
D:12:     layout_grid_maze
D:13:     layout_loops_corners, serial_shops, shop, nicolae_ru_awakened_eye
D:14:     layout_rooms, david_vaults_1, st_stairs_13, drop_trap
D:15:     gammafunk_depths_entry_grave, layout_basic, grunt_decor_arrowhead,
          serial_shops, shop, drop_trap, uniq_jorgrun
Temple:   compressed_dpeg_triangle_lava_temple
Lair:1:   layout_misc_corridors, serial_bayou_shore_a
Lair:2:   layout_regular_city, wad_woods_02
Lair:3:   layout_roguey [special_room_bee], elwin_shoals_entry_rooms,
          infiniplex_staircase_pool_2, lemuel_fruit_tree, grunt_megastairs_2,
          minmay_lair_oklob_chamber
Lair:4:   layout_concentric_octagons, nicolae_spider_entry_orb_guardian,
          lemuel_old_faithful, uniq_josephine
Lair:5:   layout_loops_ring, lemuel_fruit_fields, uniq_rupert
Lair:6:   gammafunk_lair_ancient_temple, layout_hall_layers, slime_altar_1,
          gauntlet_entry_generic, dpeg_oklob_1
Shoals:1: layout_shoals, nicolae_shoals_so_close, uniq_nikola
Shoals:2: layout_shoals, serial_shops, nicolae_shop_statue_plus,
          nicolae_shoals_c_island
Shoals:3: layout_shoals, uniq_ilsuiw
Shoals:4: shoals_end_hangedman, layout_shoals, serial_shops, shop_statue,
          lemuel_oklob_altar
Spider:1: layout_spider_delve
Spider:2: layout_spider_delve, uniq_arachne
Spider:3: layout_spider_delve
Spider:4: grunt_spider_rune_island, uniq_kirke
Orc:1:    layout_diamond_mine
Orc:2:    st_orc_mages, layout_caves, serial_shops, bzr_entry_islet,
          uniq_maurice
Elf:1:    layout_loops_cross, serial_shops, bzr_entry_road,
          gammafunk_ghost_abyssal_escape, hangedman_elf_represent, uniq_aizul
Elf:2:    layout_loops_cross, item_on_display_a
Elf:3:    minmay_elf_hall_furrowed, layout_loops_corners,
          nicolae_elf_big_sculpture_3, st_stairs_4, onia_ninara_cookie,
          minmay_shop_grove, uniq_saint_roka
Vaults:1: v_alt_pattern_3, vaults_room_grunt_arrival_ludios,
          nicolae_vaults_network_square, v_misc_25,
          nicolae_vaults_little_squares_5, v_rooms_3, vaults_mumra_bighexcomb,
          vaults_standard_mumra_lines, hangedman_vaults_nodes,
          nicolae_vaults_three_branches, vaults_room_pool,
          vaults_room_semicircle, vaults_room_grid, layout_vaults_ring
Vaults:2: ebering_vaults_ghost_reflecting_pool, hangedman_vaults_stream,
          v_misc_16, nicolae_vaults_network_periphery, v_misc_18,
          nicolae_vaults_ninety_degrees, v_rooms_1, nicolae_vaults_what_the_h,
          minmay_crypt_entry_simple_round, nicolae_vaults_murderbox,
          layout_vaults_maze_snakey, serial_shops, nicolae_shop_window_shopping
Vaults:3: v_misc_11, vaults_standard_mumra_x, ontoclasm_vaults_gateway,
          ontoclasm_vaults_twist, v_misc_28, v_misc_30, st_hourglassy,
          nicolae_vaults_little_squares_6, layout_vaults_chaotic_city,
          uniq_mennas, uniq_margery, uniq_boris
Vaults:4: nicolae_vaults_angled_halls, ontoclasm_vaults_eye, v_rooms_4,
          serial_ice_h, st_lines, v_misc_1, nicolae_vaults_disjoint_gnomons,
          vaults_room_door_ring, grunt_vaults_trifunnel, hangedman_vaults_hat,
          vaults_room_pool, v_misc_13, layout_vaults_omnibox
Vaults:5: serial_shops
Crypt:1:  layout_gridlike, grunt_crypt_arrival_guarded_gate

Skill      XL: |  1  2  3  4  5  6  7  8  9 10 11 12 13 14 15 16 17 18 19 20 21 22 23 |
---------------+----------------------------------------------------------------------+-----
Staves         | 4 5 7 8 10 11 13 14 | 14.0
Fighting       | 3 4 5 7 8 10 11 14 | 14.6
Stealth        | 1 2 4 5 8 10 | 10.0
Armour         | 8 13 15 | 15.0
Necromancy     | 3 4 7 8 9 10 11 12 13 | 13.0
Spellcasting   | 3 7 10 12 15 16 17 18 | 18.3
Conjurations   | 4 6 8 |  8.5
Evocations     | 5 10 | 10.0
Dodging        | 7 10 | 10.5
Air Magic      | 1 4 |  4.4
Polearms       | 8 |  8.0
Shields        | 12 15 | 15.0
Throwing       | |  2.0

Action                   |  1- 3 |  4- 6 |  7- 9 | 10-12 | 13-15 | 16-18 | 19-21 | 22-24 || total
-------------------------+-------+-------+-------+-------+-------+-------+-------+-------++-------
Melee: Quarterstaff      |    73 |   166 |   340 |    23 |    23 |       |       |       ||   625
       Kick              |    16 |    40 |   107 |   210 |   485 |   526 |   580 |   333 ||  2297
       Peck              |     7 |    27 |    76 |   136 |   314 |   358 |   356 |   230 ||  1504
       Lajatang          |       |       |       |   735 |  1243 |  1181 |   675 |       ||  3834
       Staff             |       |       |       |    10 |       |       |     7 |   229 ||   246
       Lance             |       |       |       |       |       |       |   909 |   413 ||  1322
       Trishula          |       |       |       |       |       |       |       |   106 ||   106
Throw: Throwing net      |       |     1 |     2 |       |       |       |       |       ||     3
       Dart              |       |       |    10 |     4 |     4 |       |       |       ||    18
 Cast: Pain              |       |       |       |       |     7 |    22 |     1 |       ||    30
       Mephitic Cloud    |       |       |       |       |     6 |   115 |    45 |     1 ||   167
       Agony             |       |       |       |       |       |    17 |     3 |     1 ||    21
       Borgnjor's Vile C |       |       |       |       |       |    23 |   136 |    66 ||   225
       Animate Dead      |       |       |       |       |       |     1 |       |       ||     1
       Tukima's Dance    |       |       |       |       |       |       |     2 |       ||     2
       Blink             |       |       |       |       |       |       |     1 |     3 ||     4
Invok: Receive Necronomi |       |       |       |       |     1 |       |       |       ||     1
       Torment           |       |       |       |       |       |       |     3 |       ||     3
       Receive Corpses   |       |       |       |       |       |       |     1 |       ||     1
 Abil: Fly               |       |     1 |       |       |       |       |       |       ||     1
       Evoke Invisibilit |       |       |       |       |     2 |       |       |       ||     2
Evoke: Wand              |       |       |       |     1 |    58 |    28 |     8 |    10 ||   105
       Phial of floods   |       |       |       |       |       |     1 |       |       ||     1
       Phantom mirror    |       |       |       |       |       |     3 |       |       ||     3
       Condenser vane    |       |       |       |       |       |     3 |     6 |     3 ||    12
  Use: Potion            |     3 |     2 |     1 |     1 |    10 |    11 |     9 |     8 ||    45
       Scroll            |       |     6 |     5 |     7 |    26 |    23 |    16 |     7 ||    90
 Stab: Sleeping          |     1 |     4 |     5 |     5 |     2 |     2 |     4 |    13 ||    36
       Distracted        |       |       |     1 |     2 |       |       |     3 |       ||     6
       Paralysed         |       |       |       |       |    11 |     3 |       |       ||    14
       Invisible         |       |       |       |       |     2 |       |       |       ||     2
       Confused          |       |       |       |       |     3 |    72 |    20 |     4 ||    99
       Held in net/web   |       |       |       |       |       |     2 |       |       ||     2
Armor: Leather armour    |    12 |    55 |    82 |    75 |     2 |       |       |       ||   226
       Chain mail        |       |       |       |   337 |   332 |       |       |       ||   669
       Scale mail        |       |       |       |       |   197 |   149 |   251 |   106 ||   703
       Ring mail         |       |       |       |       |   129 |   197 |       |       ||   326
Dodge: Dodged            |    48 |   137 |   161 |   391 |   891 |  1379 |   765 |   205 ||  3977
Block: Other             |       |       |       |       |       |   274 |   120 |       ||   394
       Reflection        |       |       |       |       |       |    19 |    13 |       ||    32
       Buckler           |       |       |       |       |       |       |    90 |       ||    90
       Kite shield       |       |       |       |       |       |       |    14 |   289 ||   303

Table legend: (Time is in decaauts)
 A = Elapsed time spent in this place.
 B = Non-inter-level travel time spent in this place.
 C = Inter-level travel time spent in this place.
 D = Time resting spent in this place.
 E = Time spent auto-exploring this place.
 F = Levels seen in this place.
 G = Mean time per level.
                   A        B        C        D        E       F      G
               +--------+--------+--------+--------+--------+-----+--------+
         Total |  57040 |  53546 |   3494 |  11521 |  29432 |  46 | 1240.0 |
       Dungeon |  16646 |  15162 |   1484 |   1698 |  10086 |  15 | 1109.7 |
        Temple |    348 |    339 |      9 |      0 |    316 |   1 |  348.0 |
          Lair |   6282 |   5677 |    605 |    980 |   3498 |   6 | 1047.0 |
        Shoals |   5790 |   5652 |    138 |   1652 |   2780 |   4 | 1447.5 |
   Spider Nest |   5039 |   4825 |    214 |   1524 |   2078 |   4 | 1259.8 |
  Orcish Mines |   1808 |   1574 |    234 |    461 |    737 |   2 |  904.0 |
   Elven Halls |   8215 |   7754 |    461 |   2627 |   3157 |   3 | 2738.3 |
        Vaults |  10312 |   9967 |    345 |   1877 |   5849 |   5 | 2062.4 |
         Crypt |    705 |    705 |      0 |    349 |    132 |   1 |  705.0 |
         Abyss |   1058 |   1058 |      0 |    349 |    309 |   2 |  529.0 |
        Bazaar |    254 |    254 |      0 |      0 |    105 |   2 |  127.0 |
         Sewer |    577 |    577 |      0 |      0 |    380 |   1 |  577.0 |
               +--------+--------+--------+--------+--------+-----+--------+

Top non-repeatable levels by time:
   Elf:3: 3837 daAuts
Vaults:2: 2944 daAuts
   Elf:2: 2800 daAuts
Vaults:3: 2688 daAuts
Vaults:4: 2421 daAuts
Shoals:2: 2283 daAuts
Vaults:1: 2256 daAuts
    D:14: 1974 daAuts
     D:9: 1679 daAuts
Shoals:1: 1652 daAuts
    D:11: 1648 daAuts
  Lair:6: 1583 daAuts
  Lair:5: 1579 daAuts
   Elf:1: 1577 daAuts
   Orc:2: 1494 daAuts
